 Dungeon Crawl Stone Soup version 0.26-a0-612-gd4d190f45e (webtiles) character file.

Game seed: 12774093670054960050

42 Gottschkopf the Ruffian (level 3, 0/31 HPs)
             Began as a Naga Transmuter on Sept 10, 2020.
             Slain by Robin
             ... wielding a +0 trident
              (2 damage)
             ... on level 2 of the Dungeon.
             The game lasted 00:03:25 (1959 turns).

Gottschkopf the Ruffian (Naga Transmuter)           Turns: 1959, Time: 00:03:25

Health: 0/31       AC:  2    Str: 12    XL:     3   Next: 56%
Magic:  15/15      EV: 10    Int: 14    God:
Gold:   80         SH:  0    Dex: 11    Spells: 2/6 levels left

rFire    . . .     SeeInvis +     - Unarmed
rCold    . . .     Faith    .   (no shield)
rNeg     . . .     Spirit   .   a - +0 robe
rPois    +         Reflect  .   (helmet currently unavailable)
rElec    .         Harm     +   e - scarf {harm}
rCorr    .                      (no gloves)
MR       .....                  (no barding)
Stlth    +.........             (no amulet)
HPRegen  0.10/turn              g - ring of magical power
MPRegen  0.14/turn              (no ring)

@: appendages, very slow
A: large, horns 2, see invisible, deformed body, poison resistance, slowness 2,
spit poison 1, AC +1
a: Spit Poison, End Transformation


You were on level 2 of the Dungeon.
You had grown temporary horns.
You visited 1 branch of the dungeon, and saw 2 of its levels.

You collected 80 gold pieces.

Inventory:

Armour
 a - a +0 robe (worn)
 d - a +0 cloak
 e - a scarf of harm (worn)
Jewellery
 g - a ring of magical power (left hand)
Scrolls
 c - a scroll of fog {unknown}
 f - a scroll of identify {unknown}
 h - a scroll of fear {unknown}
 i - a scroll of remove curse {unknown}


   Skills:
 - Level 1.0 Fighting
 - Level 1.5 Dodging
 - Level 4.1 Unarmed Combat
 - Level 2.0 Spellcasting
 + Level 2.3 Transmutations
 + Level 1.3 Poison Magic


You had 2 spell levels left.
You knew the following spells:

 Your Spells              Type           Power        Failure   Level
a - Beastly Appendage     Tmut           #.....       10%         1
b - Spider Form           Tmut/Pois      #.........   34%         3

Your spell library contained the following spells:

 Spells                   Type           Power        Failure   Level
 Wereblood                Tmut           #.......     14%         2
 Ice Form                 Ice/Tmut       #.......     83%         4
 Blade Hands              Tmut           #.........   95%         5


Dungeon Overview and Level Annotations

Branches:
Dungeon (2/15)

Altars:
The Shining One

Annotations:
D:2 Robin


Innate Abilities, Weirdness & Mutations

You cannot wear boots.
Your serpentine skin is tough. (AC +1)
You have supernaturally acute eyesight. (SInv)
Armour fits poorly on your strangely shaped body.
Your system is resistant to poisons. (rPois)
You cover ground very slowly.
You can spit poison.
You have a pair of horns on your head.


Message History

Unknown command.
Robin hits you with a +0 trident!
You are too injured to fight recklessly!
You are too injured to fight recklessly!
You hit Robin.
Robin is heavily wounded.
Robin barely misses you.
You hit Robin.
Robin is heavily wounded.
Robin hits you with a +0 trident!
* * * LOW HITPOINT WARNING * * *
You closely miss Robin.
Robin is heavily wounded.
Robin hits you but does no damage.
You hit Robin.
Robin is heavily wounded.
You hit Robin but do no damage.
Robin is heavily wounded.
Robin hits you with a +0 trident.
You die...

#..... ##.....
#### .......
...###
...(...##....
$..........#
#.......###
#...<.....#
#.......#.#
#.....@.#.##
$...#.#.g......#
.......#.....####
########.#...#
##.#...# ####
#...<..#
...###?.#......#
....#...#.#...#
g..g.g###......


You could see Robin.

Vanquished Creatures
  A leopard gecko (D:1)
  A giant cockroach (D:1)
  12 goblins (D:1)
  6 hobgoblins (D:1)
  2 jackals (D:1)
  2 ball pythons (D:1)
  4 bats (D:1)
  2 frilled lizards (D:1)
  2 kobolds (D:1)
  4 rats (D:1)
36 creatures vanquished.

Notes
Turn   | Place    | Note
-------+----------+-------------------------------------------
     0 | D:1      | Gottschkopf the Naga Transmuter began the quest for the
                  | Orb.
     0 | D:1      | Reached XP level 1. HP: 18/18 MP: 3/3
   227 | D:1      | Reached XP level 2. HP: 25/25 MP: 1/5
   636 | D:1      | Reached skill level 4 in Unarmed Combat
   835 | D:1      | Reached XP level 3. HP: 30/31 MP: 6/6
   840 | D:1      | Learned a level 3 spell: Spider Form
   970 | D:1      | Found a glowing golden altar of the Shining One.
  1056 | D:2      | Noticed Robin
  1577 | D:1      | Reached skill level 1 in Poison Magic
  1956 | D:2      | HP: 1/31 [Robin/+0 trident (10)]
  1959 | D:2      | Slain by Robin

Illustrated notes

Levels and vault maps discovered:
D:1:      dpeg_arrival_erosion, layout_rooms, tso_altar
D:2:      layout_loops_ring, uniq_natasha, uniq_robin, uniq_jessica

Skill      XL: |  1  2  3 |
---------------+----------+-----
Unarmed Combat | 4 |  4.1
Poison Magic   | 1 |  1.3
Fighting       | |  1.0
Dodging        | |  1.5
Spellcasting   | |  2.0
Transmutations | |  2.3

Action                   || total
-------------------------++-------
Melee: Unarmed           ||   104
       Headbutt          ||     8
       Punch             ||     1
 Cast: Beastly Appendage ||    20
  Use: Potion            ||     1
Armor: Robe              ||    26
Dodge: Dodged            ||    88

Table legend: (Time is in decaauts)
 A = Elapsed time spent in this place.
 B = Non-inter-level travel time spent in this place.
 C = Inter-level travel time spent in this place.
 D = Time resting spent in this place.
 E = Time spent auto-exploring this place.
 F = Levels seen in this place.
 G = Mean time per level.
                   A        B        C        D        E       F      G
               +--------+--------+--------+--------+--------+-----+--------+
         Total |   2174 |   2123 |     51 |    913 |    947 |   2 | 1087.0 |
       Dungeon |   2174 |   2123 |     51 |    913 |    947 |   2 | 1087.0 |
               +--------+--------+--------+--------+--------+-----+--------+

Top non-repeatable levels by time:
     D:1: 2144 daAuts
     D:2: 30 daAuts
